AoeStats
← YouPotato

Glade

510442535Analyzed
1v1 RM · 17h ago on Oct 1, 2026· 26m 55s· 2 players
Game mode
Random Map
Map size
Tiny (2 player)
Population
200
Speed
Normal
Resources
Standard
Victory
Conquest
Starting age
Dark Age
Ending age
Imperial Age
RankedLock teamsTeams togetherTeam positionsShared explorationLock speedFull tech treeHidden civsTurbo modeCheats
Victory
Defeat
🇺🇸 Sicilians · United States
1081
+14
🇲🇽 Ethiopians · Mexico
1045
-14
YouPotato
3:41 Loom
12:20 Feudal Age
12:57 Double-Bit Axe
13:05 Gold Mining
12:57 Horse Collar
16:58 Wheelbarrow
19:09 Castle Age
18:20 Scale Mail Armor
19:02 Forging
19:39 Fletching
20:31 Squires
21:35 Arson
WikiGun
10:13 Feudal Age
10:58 Loom
14:03 Castle Age
14:00 Loom
15:31 Crossbowman
17:01 Squires
18:16 Double-Bit Axe
Connection lost

Rejoining the realm…

Still unreachable

The connection could not be restored.

Session expired

The server has moved on; the page needs a fresh start.